AoeStats
← 国贵陈厚

Arabia

509378840Analyzed
1v1 RM · 7d ago on Sep 26, 2026· 37m 37s· 2 players
Game mode
Random Map
Map size
Tiny (2 player)
Population
200
Speed
Normal
Resources
Standard
Victory
Conquest
Starting age
Dark Age
Ending age
Imperial Age
RankedLock teamsTeams togetherTeam positionsShared explorationLock speedFull tech treeHidden civsTurbo modeCheats
Victory
Defeat
🇨🇱 Britons · Chile
991
+15
🇨🇳 Aztecs · China
967
-15
国贵陈厚
11:31 Feudal Age
12:43 Double-Bit Axe
13:34 Horse Collar
18:07 Loom
29:47 Castle Age
29:15 Stone Mining
29:22 Gold Mining
31:17 Wheelbarrow
30:09 Elite Skirmisher
32:02 Padded Archer Armor
31:54 Fletching
31:42 Eagle Warrior
Borges
11:15 Feudal Age
11:52 Double-Bit Axe
20:25 Gold Mining
23:40 Castle Age
21:55 Fletching
22:06 Padded Archer Armor
22:12 Padded Archer Armor
23:54 Crossbowman
24:39 Bodkin Arrow
25:06 Loom
30:40 Stone Mining
31:10 Bow Saw
32:07 Scale Barding Armor
32:09 Town Watch
34:37 Town Patrol
36:09 Wheelbarrow
Connection lost

Rejoining the realm…

Still unreachable

The connection could not be restored.

Session expired

The server has moved on; the page needs a fresh start.